 Dungeon Crawl Stone Soup version 0.21-a0-2-ge494091 (webtiles) character file.

0 aesoa the Skirmisher (level 1, 0/18 HPs)
             Began as a Formicid Abyssal Knight on May 20, 2017.
             Was a Follower of Lugonu.
             Slain by an anaconda (shapeshifter) (7 damage)
             ... on level 3 of the Abyss.
             The game lasted 00:01:10 (198 turns).

aesoa the Skirmisher (Formicid Abyssal Knight)       Turns: 198, Time: 00:01:10

Health: 0/18       AC:  3    Str: 16    XL:     1   Next: 0%
Magic:  1/2        EV: 11    Int: 11    God:    Lugonu [*.....]
Gold:   24         SH:  0    Dex: 10    Spells: 0/0 levels left

rFire    . . .     SeeInvis +   a - +1 falchion
rCold    . . .     Gourm    .   (no shield)
rNeg     . . .     Faith    .   b - +0 leather armour
rPois    .         Spirit   .   (helmet unavailable)
rElec    .         Reflect  .   (no cloak)
rCorr    .         Harm     .   (no gloves)
MR       .....                  (no boots)
Stlth    +.........             (no amulet)
Regen    0.1/turn               (no ring)
MPRegen  0.1/turn               (no ring)

@: no status effects
A: permanent stasis, dig shafts and tunnels, four strong arms, antennae 3
a: Dig, Shaft Self, Depart the Abyss, Renounce Religion


You were on level 3 of the Abyss.
You worshipped Lugonu.
Lugonu was aware of your devotion.
You were not hungry.

You visited 0 branches of the dungeon, and saw 0 of its levels.
You visited the Abyss 1 time.

You collected 24 gold pieces.

Inventory:

Hand Weapons
 a - a +1 falchion (weapon)
Armour
 b - a +0 leather armour (worn)
Magical Staves
 d - an uncursed staff of energy {unknown}
Potions
 e - a potion of heal wounds {unknown}
Comestibles
 c - a bread ration
 f - a meat ration


   Skills:
 + Level 3.2 Fighting
 + Level 2.0 Long Blades
 + Level 2.1 Armour
 + Level 0.8 Dodging
 + Level 2.1 Invocations


You couldn't memorise any spells.
You didn't know any spells.

Dungeon Overview and Level Annotations

Branches:
Dungeon (0/15)

Altars:


Innate Abilities, Weirdness & Mutations

You cannot be hasted, slowed, berserked, paralysed or teleported.
You can dig through walls and to a lower floor.
Your four strong arms can wield two-handed weapons with a shield.
You have a pair of large antennae on your head. (SInv)


Message History

Found a bubbling ruby potion.
The white imp grinds its teeth.
Found a murky purple potion and a bone wand.
The white imp grinds its teeth.
The white imp hits you. The white imp freezes you.
Found 17 gold pieces and a manual of Stealth.
Found a fluorescent wand.
The white imp gestures at you. The puff of frost hits you!
Found a blackened bronze ring.
An anaconda, a floating eye, a chaos spawn and a tentacled starspawn come into view.
A tentacle flies out from the starspawn's body!
A starspawn tentacle comes into view.
You see here a wand of acid (?/15).
A chaos spawn comes into view.
The chaos spawn shouts!
The anaconda barely misses you.
You riposte.
You hit the anaconda.
The anaconda is lightly wounded.
The anaconda bites you!
You die...

.. #.# ...# { ####
#..=. ##...
##:#.##4#G #
#≈/$..#..#4# .. {
#.......# #..
####.#@## # !..
#....S/.##..###
#.#..#5.......#
#.w#.##......##
#X{. ##....#.# # ##
# ...#...#
..########...##.##.
......#...##..#.
..##....#..#.#.#


You could see a tentacled starspawn, an anaconda, 2 chaos spawn, a starspawn
tentacle, a floating eye and a white imp.

Vanquished Creatures (others)
  6 starspawn tentacles (Abyss:3)
6 creatures vanquished.

Notes
Turn   | Place    | Note
-------+----------+-------------------------------------------
     0 | Abyss:1  | aesoa the Formicid Abyssal Knight began the quest for the Orb.
     0 | Abyss:1  | Reached XP level 1. HP: 18/18 MP: 2/2
    73 | Abyss:1  | Noticed a neqoxec
    76 | Abyss:1  | Noticed a chaos spawn
   142 | Abyss:2  | Noticed a neqoxec
   171 | Abyss:3  | Noticed an eye of draining
   175 | Abyss:3  | Noticed a tentacled starspawn
   197 | Abyss:3  | Noticed a chaos spawn
   197 | Abyss:3  | Noticed a floating eye
   197 | Abyss:3  | Noticed an anaconda
   197 | Abyss:3  | Noticed a tentacled starspawn
   198 | Abyss:3  | Noticed a chaos spawn
   198 | Abyss:3  | Slain by an anaconda (shapeshifter)

Vault maps used:
Abyss:1:  evilmike_abyss_exit_15
Abyss:2:  hangedman_abyss_or_decor_passed
Abyss:3:  hangedman_shadowy_showcase, evilmike_abyss_exit_vortex,
          gammafunk_abyss_rune_reverse_zot

Action                   || total
-------------------------++-------
Melee: Falchion          ||     5
Dodge: Dodged            ||     1
       Rpst.: Falchion   ||     1
